 Dungeon Crawl Stone Soup version bcrawl-1.19.2-6-g6a88ae04c9 (webtiles) character file.

Game seed: 18245702307395643831

329 Mrkan the Chopper (level 6, 0/56 HPs)
             Began as a Minotaur Fighter on Jan 7, 2020.
             Slain by an ogre
             ... wielding a +0 giant club
              (6 damage)
             ... on level 3 of the Dungeon.
             The game lasted 00:04:18 (2765 turns).

Mrkan the Chopper (Minotaur Fighter)                Turns: 2765, Time: 00:04:19

Health: 0/56       AC:  7    Str: 21    XL:     6   Next: 25%
Magic:  5/5        EV:  7    Int:  6    God:
Gold:   387        SH: 10    Dex: 10    Spells: 5/5 levels left

rFire    . . .     SeeInvis .   a - +0 war axe
rCold    . . .     Gourm    .   c - +0 shield
rNeg     . . .     Faith    .   b - +0 scale mail
rPois    .         Spirit   .   (helmet restricted)
rElec    .         Reflect  .   (no cloak)
rCorr    .         Harm     .   (no gloves)
MR       .....                  (no boots)
Stlth    ..........             (no amulet)
HPRegen  0.18/turn              (no ring)
MPRegen  0.09/turn              (no ring)

@: no status effects
A: retaliatory headbutt, horns 2
a: no special abilities


You were on level 3 of the Dungeon.
You were not hungry.

You visited 1 branch of the dungeon, and saw 4 of its levels.

You collected 387 gold pieces.

Inventory:

Hand Weapons
 a - a +0 war axe (weapon)
Armour
 b - a +0 scale mail (worn)
 c - a +0 shield (worn)
Scrolls
 e - 2 scrolls of blinking {unknown}
 g - a scroll of amnesia {unknown}
 l - 4 scrolls of identify {unknown}
 o - 5 scrolls of remove curse {unknown}
 p - a scroll of teleportation {unknown}
 r - a scroll of fear {unknown}
 s - a scroll of magic mapping {unknown}
 t - a scroll of fog {unknown}
Potions
 d - a potion of might
 h - a potion of cancellation {unknown}
 i - 2 potions of haste {unknown}
 j - a potion of ambrosia {unknown}
 k - a potion of agility {unknown}
 m - 2 potions of flight {unknown}
 n - a potion of degeneration {unknown}
Comestibles
 f - 8 rations {!d}
 q - 4 chunks of flesh


   Skills:
 + Level 5.0 Fighting
 * Level 5.3 Axes
 + Level 4.9 Armour
 + Level 5.0 Shields


You had 5 spell levels left.
You didn't know any spells.
Your spell library was empty.

Dungeon Overview and Level Annotations

Branches:
Dungeon (4/12)
 Temple: D:4-7

Altars:
Dithmenos
Sif Muna


Innate Abilities, Weirdness & Mutations

You reflexively headbutt those who attack you in melee.
You have a pair of horns on your head.


Message History

You block the ogre's attack.
You see here 154 stones.
There is an escape hatch in the ceiling here.
The ogre hits you with a +0 giant club!
* * * LOW HITPOINT WARNING * * *
A mysterious force pulls you upwards. The hatch slams shut behind you.
You block the ogre's attack.
There is an open door here.
There is a stone staircase leading down here.
You open the door.
There is an open door here.
You see here a robe.
Okay, then.
There is an open door here.
You open the door. The ogre hits you with a +0 giant club!
* * * LOW HITPOINT WARNING * * *
There is an open door, spattered with blood here.
The ogre hits you with a +0 giant club.
You die...

#.# #...### #.#
##.## ##'## #.#
##...## #.#
##.....## #.##
##.......## #..##
##....>....####...##
.'.........'...O...#
##.........####.@.##
##.......## #..##
##.....## #.##
##...## #.# ##'##
#.##### #.# #.....#
#.############.#
#####.#........# #<#
##.......######.#
#.#


You could see an ogre.

Vanquished Creatures
  A crimson imp (D:3)
  An orc wizard (D:3)
  An orc priest (D:2)
  2 bullfrog skeletons
  Jessica (D:3)
  An iguana (D:4)
  3 adders
  A howler monkey skeleton (D:4)
  An adder skeleton (D:2)
  3 worms
  3 dart slugs
  2 leopard geckos
  8 orcs
  3 giant cockroaches
  7 goblins
  5 hobgoblins
  9 jackals
  6 kobolds
  2 quokkas
  A bat (D:1)
  2 frilled lizards
  6 rats
69 creatures vanquished.

Notes
Turn   | Place    | Note
-------+----------+-------------------------------------------
     0 | D:1      | Mrkan the Minotaur Fighter began the quest for the Orb.
     0 | D:1      | Reached XP level 1. HP: 19/19 MP: 0/0
   223 | D:1      | Reached XP level 2. HP: 27/27 MP: 1/1
   549 | D:2      | Reached XP level 3. HP: 29/33 MP: 2/2
   783 | D:2      | Reached XP level 4. HP: 37/40 MP: 3/3
   954 | D:2      | Found a shadowy altar of Dithmenos.
  1478 | D:3      | Reached XP level 5. HP: 35/47 MP: 4/4
  2019 | D:3      | Noticed Jessica
  2025 | D:3      | Found a shimmering blue altar of Sif Muna.
  2030 | D:3      | Killed Jessica
  2030 | D:3      | Reached skill level 5 in Axes
  2612 | D:4      | Reached XP level 6. HP: 26/55 MP: 5/5
  2620 | D:4      | HP: 2/55 [iguana (4)]
  2621 | D:4      | Reached skill level 5 in Fighting
  2621 | D:4      | Reached skill level 5 in Shields
  2765 | D:3      | Slain by an ogre

Skill      XL: |  1  2  3  4  5  6 |
---------------+-------------------+-----
Axes           | 3 4 5 |  5.3
Shields        | 4 5 |  5.0
Armour         | 4 |  4.9
Fighting       | 4 5 |  5.0

Action                   |  1- 3 |  4- 6 || total
-------------------------+-------+-------++-------
Melee: War axe           |    62 |   130 ||   192
       Headbutt          |     5 |    16 ||    21
  Eat: Chunk             |       |     6 ||     6
Armor: Scale mail        |    29 |    54 ||    83
Dodge: Dodged            |    21 |    32 ||    53
Block: Shield            |    27 |    58 ||    85
